Map: Central Protocol

Players

BadmanLarry - Winner!

  • Race: Terran Terran
  • League: Platinum

SticklerMac

  • Race: Zerg Zerg
  • League: Platinum

VOD

Have the link to the VOD?

Description

Time

  • Played on: Nov. 14, 2015, 10:05 p.m.
  • Length: 11:29
Show
View Real Time Build Order
Export as new Build Order

BadmanLarry Terran - Winner!

Build Orders: MMM Bio 

Get SALT Encoding   

  12  0:01  SCV  
  13  0:14  SCV  
  14  0:22  Supply Depot  
  14  0:26  SCV  
  15  0:43  SCV  
  15  0:45  Barracks  
  15  0:47  Refinery  
  16  0:55  SCV  
  17  1:08  SCV  
  18  1:20  SCV  
  20  1:33  Marine  
  20  1:34  Orbital Command  
  20  1:52  Command Center  
  20  2:01  Factory  
  20  2:04  SCV  
  20  2:07  Barracks Reactor  
  21  2:21  Supply Depot  
  21  2:24  SCV  
  22  2:36  SCV  
  23  2:53  Hellion x2  
  23  2:55  Barracks Tech Lab  
  26  2:58  Bunker  
  26  3:00  Supply Depot  
  26  3:02  SCV  
  26  3:05  Orbital Command  
  27  3:14  Marauder  
  27  3:15  Stimpack  
  27  3:18  Hellion  
  31  3:20  SCV  
  31  3:26  Hellion  
  34  3:34  SCV x2  
  36  3:43  Supply Depot x2  
  36  3:48  Marauder  
  38  3:53  SCV  
  38  3:54  SCV  
  40  4:02  Barracks  
  40  4:06  SCV x2  
  44  4:10  Marauder  
  42  4:18  SCV x2  
  44  4:28  Factory Tech Lab  
  44  4:30  SCV x2  
  48  4:31  Marauder  
  48  4:43  SCV x2  
  50  4:57  Marine x2  
  50  4:58  SCV, Marauder  
  55  5:02  Barracks  
  55  5:03  Command Center  
  55  5:06  Starport  
  55  5:08  Engineering Bay  
  55  5:09  Engineering Bay  
  55  5:10  Refinery  
  55  5:17  SCV x2, Refinery  
  55  5:20  Refinery  
  57  5:34  SCV x2  
  59  5:36  Terran Infantry Weapons Level 1  
  59  5:38  Terran Infantry Armor Level 1  
  59  5:45  Marauder  
  59  5:46  SCV x2  
  63  5:55  Barracks Tech Lab  
  63  5:57  Starport Reactor  
  63  6:02  SCV x2  
  63  6:03  Marine x2  
  67  6:04  Barracks x2  
  67  6:07  Marauder  
  69  6:14  Supply Depot  
  69  6:15  Supply Depot, SCV  
  70  6:19  Supply Depot, Orbital Command  
  70  6:22  SCV  
  71  6:32  Armory  
  71  6:33  SCV  
  71  6:34  SCV  
  71  6:39  Marine x3  
  76  6:41  Marine  
  77  6:48  SCV x2  
  79  6:57  Orbital Command  
  79  6:59  Marauder, Marine  
  79  7:00  Barracks Reactor x2  
  82  7:05  Marauder, Marine  
  82  7:06  SCV x2  
  87  7:10  Supply Depot  
  87  7:13  Supply Depot x2  
  87  7:17  Marine  
  87  7:18  SCV x2  
  87  7:20  Combat Shields  
  87  7:21  Marauder  
  92  7:23  Siege Tank  
  92  7:27  Marauder  
  97  7:35  Marine  
  97  7:36  Marine  
  99  7:37  Marine x3  
  99  7:38  Marine  
  99  7:42  Terran Infantry Weapons Level 2, Marauder  
  105  7:47  Terran Infantry Armor Level 2  
  105  7:48  Marauder  
  105  7:51  Medivac  
  109  7:52  Medivac  
  109  7:53  Marine  
  112  8:04  Marauder, Marine x2  
  112  8:05  Marine x3  
  119  8:09  Marine  
  118  8:20  Medivac  
  118  8:22  Medivac  
  118  8:23  SCV x2  
  118  8:24  SCV, Marine x2  
  118  8:25  Marine x4  
  131  8:36  Marauder  
  131  8:38  Concussive Shells  
  133  8:42  Refinery  
  133  8:46  Refinery  
  133  8:47  Supply Depot  
  133  8:51  Siege Tank, Marine x2  
  133  8:52  Marauder  
  140  8:56  Marine  
  141  9:05  Supply Depot  
  141  9:06  Supply Depot  
  141  9:08  Medivac x2, Marine x4  
  141  9:09  Supply Depot  
  149  9:13  Marine x2  
  132  9:48  Marauder, Marine  
  132  9:49  Marine x5, Marauder  
  132  9:50  Siege Tank, Medivac x2  
  150  10:00  SCV x3  
  150  10:06  Marine x2  
  150  10:07  Marine x3  
  154  10:10  Marauder x2  
  154  10:11  Supply Depot x2  
  154  10:13  Supply Depot  
  161  10:27  Siege Tank  
  161  10:28  Medivac x2  
  166  10:29  Marine x5  
  166  10:31  Marauder  
  173  10:38  Command Center  
  159  10:43  Command Center  
  141  10:52  Marine  
  141  10:53  Marine x3, Marauder x2  
  141  10:54  Marine  
  144  10:59  SCV x3  
  153  11:15  SCV x3  
Show
View Real Time Build Order
Export as new Build Order

SticklerMac Zerg 

Build Orders: Hatch First 

Get SALT Encoding   

  12  0:00  Drone  
  13  0:12  Overlord  
  13  0:17  Drone  
  14  0:31  Drone x2  
  16  0:36  Drone  
  17  0:55  Hatchery  
  16  0:58  Drone  
  16  1:02  Drone, Extractor  
  17  1:17  Spawning Pool  
  16  1:23  Drone  
  16  1:24  Drone  
  18  1:31  Drone  
  19  1:49  Overlord  
  19  1:50  Drone  
  20  2:00  Drone  
  21  2:04  Metabolic Boost  
  21  2:06  Queen  
  23  2:11  Queen  
  23  2:15  Drone  
  26  2:23  Baneling Nest  
  26  2:24  Drone  
  26  2:28  Drone  
  27  2:31  Drone  
  27  2:35  Drone  
  29  2:38  Zergling x2  
  29  2:41  Zergling x2  
  31  2:47  Zergling x2  
  32  2:51  Drone  
  34  2:58  Zergling x2  
  34  3:02  Zergling x2  
  35  3:06  Zergling x2  
  36  3:13  Overlord  
  36  3:15  Overlord x2  
  36  3:35  Drone x6  
  41  3:44  Lair  
  41  3:46  Roach Warren  
  41  3:47  Drone x2  
  41  3:48  Drone, Extractor  
  43  3:52  Zergling x4  
  44  3:58  Zergling x4  
  44  4:00  Zergling x2  
  44  4:02  Zergling x2  
  48  4:14  Zergling x2  
  48  4:15  Zergling x4  
  45  4:25  Zergling x4  
  45  4:28  Roach x3  
  53  4:31  Roach  
  53  4:35  Roach  
  57  4:44  Drone  
  57  5:07  Overlord x3  
  57  5:11  Overlord x2  
  57  5:12  Overlord  
  57  5:24  Queen  
  57  5:27  Queen  
  61  5:34  Hydralisk Den  
  60  5:37  Hatchery  
  60  5:40  Roach  
  60  5:41  Roach x5  
  71  5:53  Overseer  
  71  6:08  Roach x3  
  71  6:09  Roach x4  
  85  6:12  Glial Reconstitution  
  85  6:32  Extractor  
  84  6:40  Drone  
  84  6:41  Drone x6  
  91  6:50  Ravager x3  
  94  7:01  Extractor  
  94  7:08  Overlord x3  
  93  7:35  Drone  
  94  7:47  Drone x6  
  94  7:48  Drone  
  101  7:53  Drone  
  101  7:54  Drone x8  
  101  7:58  Queen  
  110  8:02  Hatchery, Overlord x2  
  110  8:03  Overlord  
  107  8:30  Zergling x2  
  107  8:31  Zergling x26  
  121  8:34  Baneling  
  121  8:35  Baneling x11  
  121  8:37  Centrifical Hooks  
  119  8:59  Spire  
  104  9:26  Zergling x6  
  104  9:27  Zergling x42  
  99  9:50  Baneling x14  
  99  9:51  Baneling x14  
  97  9:54  Zergling x2  
  97  9:57  Overlord x3  
  83  10:18  Mutalisk  
  83  10:19  Mutalisk x4  
  83  10:21  Mutalisk  
  94  10:29  Overlord x4  
  85  10:48  Zergling x2  
  85  10:49  Zergling x8  
  50  10:57  Zergling x2  
  50  11:01  Zergling x4  
  53  11:10  Zergling x8  
  53  11:11  Zergling x4  
Tags
 
Add a new tag
Caveats
  • Supply blocks, unpowered buildings, or Contaminate may cause inaccurate times.
  • Supply counts are checked every 10 seconds.